 Dungeon Crawl Stone Soup version 0.31-a0-925-g0a390f2509 (webtiles) character file.

Game seed: 17166946229203313135

5184 Ekaitz the Geomancer (level 10, -4/52 HPs)
             Began as a Deep Elf Earth Elementalist on Oct 18, 2023.
             Was an Initiate of Vehumet.
             Slain by a yak (8 damage)
             ... on level 8 of the Dungeon.
             The game lasted 00:25:58 (8866 turns).

Ekaitz the Geomancer (Deep Elf Earth Elementalist)  Turns: 8866, Time: 00:26:00

Health: -4/52      AC:  9    Str:  7    XL:     10   Next: 34%
Magic:  0/22       EV: 14    Int: 23    God:    Vehumet [......]
Gold:   615        SH:  0    Dex: 15    Spells: 9/23 levels left

rFire   . . .        p - +1 short sword (venom)
rCold   + . .        (no shield)
rNeg    . . .        q - +2 leather armour {Will+}
rPois   .            I - +0 hat
rElec   .            m - +2 cloak
rCorr   .            (no gloves)
SInv    .            P - +0 pair of boots {rampage}
Will    +++..        (no amulet)
Stlth   +++          v - ring of flight
HPRegen 0.28/turn    w - ring of protection from cold
MPRegen 0.18/turn

%: rampage
@: enlightened, flying
A: no striking features
a: Renounce Religion


You were on level 8 of the Dungeon.
You worshipped Vehumet.
Vehumet was noncommittal.
You visited 2 branches of the dungeon, and saw 9 of its levels.

You collected 615 gold pieces.

Inventory:

Hand Weapons
 c - a +1 dagger of pain
 p - a +1 short sword of venom (weapon)
 A - a +1 antimagic short sword
 L - a +4 trident of draining
Missiles
 E - a curare-tipped dart
 O - a throwing net
Armour
 a - a +0 robe
 m - a +2 cloak (worn)
 q - a +2 leather armour of willpower (worn)
 G - a +0 ring mail of fire resistance
 I - a +0 hat (worn)
 J - a +0 kite shield
 M - an orb of guile
 P - a +0 pair of boots of rampaging (worn)
Jewellery
 v - a ring of flight (left hand)
 w - a ring of protection from cold (right hand)
Wands
 j - a wand of charming (10)
 H - a wand of iceblast (10)
Scrolls
 d - 4 scrolls of vulnerability {unknown}
 g - 13 scrolls of identify {unknown}
 h - a scroll of enchant armour {unknown}
 k - 2 scrolls of blinking {unknown}
 l - a scroll of revelation {unknown}
 n - a scroll of fear
 o - a scroll of butterflies {unknown}
 r - a scroll of noise {unknown}
 s - a scroll of immolation {unknown}
 t - a scroll of torment {unknown}
 u - a scroll of amnesia {unknown}
 x - a scroll of brand weapon {unknown}
 y - 2 scrolls of poison {unknown}
 z - 3 scrolls of teleportation {unknown}
 B - 2 scrolls of enchant weapon {unknown}
 D - 2 scrolls of fog {unknown}
Potions
 b - a potion of magic
 e - a potion of brilliance {unknown}
 f - 2 potions of haste {unknown}
 i - 2 potions of enlightenment
 C - a potion of mutation {unknown}
 F - a potion of degeneration {unknown}
 K - 4 potions of curing {unknown}
 N - a potion of heal wounds {unknown}


   Skills:
 + Level 1.3 Fighting
 + Level 2.7 Short Blades
 + Level 0.3 Armour
 * Level 6.8 Dodging
 + Level 6.7 Stealth
 + Level 7.1 Spellcasting
 * Level 6.9 Conjurations
 * Level 6.9 Necromancy
 + Level 2.1 Transmutations
 * Level 9.6 Earth Magic


You had 9 spell levels left.
You knew the following spells:

 Your Spells              Type           Power      Damage    Failure   Level
a - Sandblast             Erth           100%       2d20      1%          1
b - Passwall              Tmut/Erth      29%        N/A       1%          2
c - Stone Arrow           Conj/Erth      92%        3d12      1%          3
d - Brom's Barrelling Bo  Conj/Erth      46%        2d6       3%          4
e - Petrify               Tmut/Erth      35%        N/A       10%         4

Your spell library contained the following spells:

 Spells                   Type           Power      Damage    Failure   Level
 Kiss of Death            Conj/Necr      100%       2d13      1%          1
 Dispel Undead            Necr           40%        3d16      6%          4
 Wereblood                Tmut           18%        N/A       7%          2
 Hailstorm                Conj/Ice       24%        3d7       9%          3
 Freeze                   Ice            32%        1d5       11%         1
 Mephitic Cloud           Conj/Pois/Air  18%        N/A       13%         3
 Poisonous Vapours        Pois/Air       16%        N/A       17%         2
 Ignite Poison            Fire/Tmut/Pois 11%        N/A       24%         3
 Confusing Touch          Hex            8%         N/A       32%         3
 Frozen Ramparts          Ice            16%        1d3       32%         3
 Ozocubu's Armour         Ice            8%         N/A       32%         3
 Tukima's Dance           Hex            8%         N/A       32%         3
 Bombard                  Conj/Erth      23%        9d4       50%         6
 Passage of Golubria      Tloc           8%         N/A       73%         4
 Freezing Cloud           Conj/Ice/Air   9%         6-21      75%         5
 Yara's Violent Unravell  Hex/Tmut       6%         3d5       89%         5
 Metabolic Englaciation   Hex/Ice        4%         N/A       97%         5
 Simulacrum               Ice/Necr       12%        N/A       99%         6


Dungeon Overview and Level Annotations

Branches:
Dungeon (8/15)             Temple (1/1) D:5
   Lair: D:8-11

Altars:
Ashenzari
Cheibriados
Dithmenos
Elyvilon
Fedhas
Gozag
Hepliaklqana
Makhleb
Nemelex Xobeh
Okawaru
Qazlal
Ru
Trog
Uskayaw
Vehumet
Wu Jian
Xom
Yredelemnul
Zin
The Shining One


Message History

* * * LOW HITPOINT WARNING * * *
Casting: Stone Arrow (safe; 1% risk of failure)
Confirm with . or Enter, or press ? or * to list all spells.
Aiming: Stone Arrow (safe; 1% risk of failure)
Press: ? - help, Shift-Dir - straight line, f - yak
Aim: a yak (moderately wounded, very poisoned, 85% to hit)
The stone arrow hits the yak!!
The yak is almost dead.
The yak gores you.
* * * LOW HITPOINT WARNING * * *
It was a potion of enlightenment.
You feel more buoyant. The yak misses you.
You barely miss the yak.
The yak is almost dead.
The yak barely misses you.
You barely miss the yak.
The yak is almost dead.
You kill the yak!
Vehumet accepts your kill.
You barely miss the yak. You hit the yak.
The yak is poisoned.
The yak is lightly wounded.
The yak misses you.
You closely miss the yak.
The yak is lightly wounded.
The yak gores you.
* * * LOW HITPOINT WARNING * * *
You hit the yak but do no damage.
The yak is lightly wounded.
The yak barely misses you.
Casting: Stone Arrow (safe; 1% risk of failure)
Confirm with . or Enter, or press ? or * to list all spells.
Aiming: Stone Arrow (safe; 1% risk of failure)
Press: ? - help, Shift-Dir - straight line, f - yak
Aim: a yak (lightly wounded, very poisoned, 85% to hit)
The stone arrow hits the yak!!
The yak is almost dead.
The yak gores you!
You die...

........##..<.#
........##.####
..........>..#####... ......
.........#.#......... .....
.........#.#..####... ....
.........#.....### ..Y#
.........##......# ...#
.######..##....#.# ...#
.##............#@# ###...#
###.####.......#Y# #...#
##.####[##.##.#.# #.##.#
#.....#.##.##.#.####.# #
##..##.#.##[..........#
..................##..#
#############.#...##..####.##
#.#.....Y........ #
#........[.#.##


You could see a yak (very poisoned).

Vanquished Creatures
  Maggie (D:8)
  Jeremiah (D:7)
  Grinder (D:4)
  A hornet (D:7)
  A wyvern (D:7)
  9 yaks
  A steam dragon (D:6)
  Edmund (D:4)
  2 water moccasins (D:6)
  An ice beast (D:7)
  3 orc warriors
  A black bear (D:6)
  A centaur (D:6)
  2 ogres
  A phantom (D:5)
  A kobold brigand (D:6)
  2 bullfrogs
  3 scorpions
  A gnoll sergeant (D:6)
  A killer bee (D:7)
  4 hounds
  5 jellies
  8 orc priests
  2 sleepcaps (D:6)
  6 orc wizards
  Natasha (D:5)
  2 iguanas
  10 gnolls
  5 adders
  2 shadow imps
  6 white imps
  4 ufetubi
  2 worms (D:2)
  2 dart slugs
  17 orcs
  An endoplasm (D:2)
  4 giant cockroaches
  3 goblins
  5 hobgoblins
  6 jackals
  10 kobolds
  4 quokkas
  4 ball pythons
  3 bats
  3 rats
154 creatures vanquished.

Vanquished Creatures (collateral kills)
  5 boulders
5 creatures vanquished.

Vanquished Creatures (others)
  4 boulders
4 creatures vanquished.

Grand Total: 163 creatures vanquished

Notes
Turn   | Place    | Note
-------+----------+-------------------------------------------
     0 | D:1      | Ekaitz the Deep Elf Earth Elementalist began the quest for
                  | the Orb.
     0 | D:1      | Reached XP level 1. HP: 10/10 MP: 6/6
   291 | D:1      | Reached XP level 2. HP: 11/15 MP: 8/8
   294 | D:1      | Learned a level 2 spell: Passwall
   604 | D:2      | Identified the "Yrovelasch"
   820 | D:2      | You fall into a shaft and drop 2 floors!
   833 | D:4      | Reached skill level 1 in Conjurations
  1044 | D:4      | Reached skill level 1 in Necromancy
  1044 | D:4      | Reached skill level 4 in Earth Magic
  1044 | D:4      | Reached XP level 3. HP: 10/19 MP: 5/9
  1048 | D:4      | Learned a level 3 spell: Stone Arrow
  1090 | D:4      | Noticed an ogre
  1106 | D:5      | Entered Level 5 of the Dungeon
  1236 | D:5      | Reached XP level 4. HP: 24/24 MP: 6/10
  1377 | D:5      | Noticed a yak
  1377 | D:5      | Noticed an ogre
  1434 | D:5      | Reached skill level 5 in Earth Magic
  1434 | D:5      | Reached XP level 5. HP: 26/28 MP: 5/11
  1439 | D:5      | Learned a level 4 spell: Brom's Barrelling Boulder
  1491 | D:5      | Noticed a yak
  1835 | D:5      | Found a staircase to the Ecumenical Temple.
  1859 | Temple   | Entered the Ecumenical Temple
  1910 | D:5      | Reached XP level 6. HP: 20/32 MP: 6/13
  2127 | D:5      | Noticed a yak
  2128 | D:5      | Noticed a yak
  2173 | D:5      | Reached skill level 6 in Earth Magic
  2702 | D:4      | Found a glowing silver altar of Zin.
  2743 | D:4      | Reached XP level 7. HP: 36/36 MP: 4/15
  2818 | D:4      | Learned a level 4 spell: Petrify
  2920 | D:4      | Noticed Natasha
  3045 | D:5      | Killed Natasha
  3227 | D:3      | Found a sacrificial altar of Ru.
  3235 | D:3      | Found a blossoming altar of Fedhas.
  4550 | D:4      | Found a basalt altar of Yredelemnul.
  4559 | D:4      | Found a shadowy altar of Dithmenos.
  4618 | D:4      | Noticed Edmund
  4620 | D:4      | Noticed Grinder
  4639 | D:4      | Killed Edmund
  4830 | D:4      | Reached skill level 7 in Earth Magic
  4969 | D:4      | Found an ornate altar of the Wu Jian Council.
  5143 | D:5      | Killed a yak
  5144 | D:5      | Reached XP level 8. HP: 42/42 MP: 2/17
  5158 | D:4      | Reached skill level 5 in Spellcasting
  5287 | D:4      | Killed Grinder
  5288 | D:4      | Reached skill level 1 in Short Blades
  5288 | D:4      | Reached skill level 5 in Stealth
  5776 | D:6      | Reached skill level 5 in Dodging
  5808 | D:6      | Reached skill level 8 in Earth Magic
  5939 | D:6      | Reached skill level 5 in Necromancy
  5939 | D:6      | Reached XP level 9. HP: 46/46 MP: 12/19
  6160 | D:6      | Reached skill level 5 in Conjurations
  6162 | D:6      | Reached skill level 1 in Fighting
  7346 | D:7      | Noticed Jeremiah
  7635 | D:7      | Reached skill level 9 in Earth Magic
  8223 | D:7      | Found a radiant altar of Vehumet.
  8231 | D:7      | Became a worshipper of Vehumet
  8245 | D:7      | Killed Jeremiah
  8246 | D:7      | Reached XP level 10. HP: 39/52 MP: 11/22
  8659 | D:8      | Noticed Maggie
  8674 | D:8      | Killed Maggie
  8866 | D:8      | Slain by a yak

Illustrated notes

Levels and vault maps discovered:
D:1:      scummos_arrival_forest, layout_basic
D:2:      layout_loops_ring, hangedman_decor_push, grunt_decor_resistance
D:3:      layout_basic, mainiacjoe_overflow_large_starburst
D:4:      layout_cave_pools, overflow_temple_1_default,
          nicolae_dithmenos_shadow_blocks, nzn_wu_jian_contemplation,
          mainiacjoe_overflow_catwalk, patterned_corridor, uniq_grinder,
          uniq_natasha, uniq_edmund
D:5:      layout_basic, temple_pool_b
D:6:      layout_basic, nzn_random_ring
D:7:      minmay_inner_zag, layout_basic, amcnicky_altar_gilded,
          nrook_mini_vaults, uniq_jeremiah
D:8:      layout_loops_cross, lemuel_blue_sif_altar,
          mainiacjoe_overflow_chevrons, uniq_maggie, uniq_psyche
Temple:   nicolae_temple_god_jail

Skill      XL: |  1  2  3  4  5  6  7  8  9 10 |
---------------+-------------------------------+-----
Conjurations   | 1 2 3 4 6 |  6.9
Necromancy     | 1 2 3 4 5 6 |  6.9
Earth Magic    | 4 5 6 7 8 9 |  9.6
Dodging        | 3 4 5 6 |  6.8
Stealth        | 3 4 5 6 |  6.7
Spellcasting   | 4 5 7 |  7.1
Short Blades   | 1 2 |  2.7
Fighting       | 1 |  1.3
Transmutations | 2 |  2.1
Armour         | |  0.3

Action                     |  1- 3 |  4- 6 |  7- 9 | 10-12 || total
---------------------------+-------+-------+-------+-------++-------
  Melee: Dagger            |    18 |    12 |    40 |       ||    70
         Short sword       |       |       |   133 |    51 ||   184
         Punch             |       |       |     3 |       ||     3
   Cast: Sandblast         |    21 |     3 |     1 |       ||    25
         Passwall          |     2 |    11 |    10 |       ||    23
         Stone Arrow       |     3 |    27 |    91 |     8 ||   129
         Brom's Barrelling |       |       |    21 |       ||    21
         Petrify           |       |       |     4 |     3 ||     7
    Use: Scroll            |     1 |       |       |       ||     1
         Potion            |       |       |       |     1 ||     1
   Stab: Sleeping          |     2 |     3 |     9 |       ||    14
         Petrified         |       |       |    18 |    18 ||    36
 Armour: Robe              |    17 |    10 |    92 |     5 ||   124
         Leather armour    |       |       |    16 |    12 ||    28
  Dodge: Dodged            |    16 |     7 |   119 |    21 ||   163

Table legend: (Time is in decaauts)
 A = Elapsed time spent in this place.
 B = Non-inter-level travel time spent in this place.
 C = Inter-level travel time spent in this place.
 D = Time resting spent in this place.
 E = Time spent auto-exploring this place.
 F = Levels seen in this place.
 G = Mean time per level.
                   A        B        C        D        E       F      G
               +--------+--------+--------+--------+--------+-----+--------+
         Total |   8870 |   8347 |    523 |   1412 |   4741 |   9 |  985.6 |
       Dungeon |   8822 |   8299 |    523 |   1412 |   4741 |   8 | 1102.8 |
        Temple |     47 |     47 |      0 |      0 |      0 |   1 |   47.0 |
               +--------+--------+--------+--------+--------+-----+--------+

Top non-repeatable levels by time:
     D:5: 1988 daAuts
     D:6: 1728 daAuts
     D:4: 1414 daAuts
     D:7: 1206 daAuts
     D:2: 876 daAuts
     D:3: 757 daAuts
     D:1: 611 daAuts
     D:8: 240 daAuts
  Temple: 47 daAuts
